 Dungeon Crawl Stone Soup version 0.17-a0-2231-gd80ca38 (webtiles) character file.

3478 Raultor the Thrower (level 10, -11/63 HPs)
             Began as a Halfling Assassin on Oct 29, 2015.
             Was a Follower of Okawaru.
             Mangled by a troll (12 damage)
             ... on level 8 of the Dungeon.
             The game lasted 00:32:39 (9225 turns).

Raultor the Thrower (Halfling Assassin)             Turns: 9225, Time: 00:32:39

Health: -11/63     AC:  7    Str: 14    XL:     10   Next: 27%
Magic:  10/10      EV: 14    Int: 10    God:    Okawaru [*.....]
Gold:   551        SH:  0    Dex: 17    Spells: 0 memorised, 9 levels left

rFire  . . .     SeeInvis .     a - +5 rapier (elec)
rCold  . . .     Clarity  .     y - +1 robe {MR+}
rNeg   . . .     SustAt   .     (shield restricted)
rPois  .         Gourm    .     z - +0 helmet
rElec  .         Spirit   .     J - +2 cloak
rCorr  .         Warding  .     (no gloves)
rMut   .         Stasis   .     (no boots)
MR     +....                    (no amulet)
Stlth  ++++......               (no ring)
                                (no ring)

@: somewhat resistant to hostile enchantments, stealthy
A: mutation resistance 1
a: Heroism, Renounce Religion


You were on level 8 of the Dungeon.
You worshipped Okawaru.
Okawaru was aware of your devotion.
You were hungry.

You visited 2 branches of the dungeon, and saw 9 of its levels.
You also visited: Sewer.

You collected 599 gold pieces.
You spent 48 gold pieces at shops.

Inventory:

Hand Weapons
 a - a +5 rapier of electrocution (weapon)
 b - a +0 blowgun
 u - a +0 short sword of protection
 D - a +2 dagger
Missiles
 e - 4 poisoned needles (quivered)
 E - 4 tomahawks
Armour
 y - a +1 robe of magic resistance (worn)
 z - a +0 helmet (worn)
 J - a +2 cloak (worn)
Jewellery
 h - an uncursed amulet of resist corrosion {unknown}
 l - an uncursed amulet of clarity {unknown}
 t - an uncursed ring of protection from cold {unknown}
 F - a cursed ring of loudness {unknown}
 P - an uncursed ring of poison resistance {unknown}
Wands
 H - a wand of lightning (6)
 V - a wand of slowing (20)
Scrolls
 j - 8 scrolls of identify
 m - 2 scrolls of remove curse
 o - 2 scrolls of fear
 p - 2 scrolls of immolation
 q - 8 scrolls of teleportation
 A - a scroll of recharging
 I - 2 scrolls of brand weapon {unknown}
 M - a scroll of fog
 T - a scroll of amnesia {unknown}
Potions
 c - a potion of curing
 d - 2 potions of cancellation {unknown}
 i - 3 potions of resistance {unknown}
 k - 2 potions of poison {unknown}
 n - a potion of lignification
 r - a potion of cure mutation {unknown}
 s - 2 potions of ambrosia {unknown}
 v - 2 potions of brilliance {unknown}
 w - 3 potions of flight {unknown}
 x - a potion of magic {unknown}
 L - a potion of haste {unknown}
 N - a potion of berserk rage {unknown}
 Q - a potion of invisibility {unknown}
 R - a potion of heal wounds
 U - a potion of might {unknown}
Books
 C - a Necronomicon

   Spells                             Type                      Level
   a - Haunt                          Necromancy/Summoning         7
   b - Borgnjor's Revivification      Necromancy                   8
   c - Death's Door                   Charms/Necromancy            8
   d - Necromutation                  Transmutation/Necromancy     8
 K - a book of Enchantments

   Spells                             Type                      Level
   a - Cause Fear                     Hexes                        4
   b - Silence                        Hexes/Air                    5
   c - Deflect Missiles               Charms/Air                   6
   d - Haste                          Charms                       6
   e - Discord                        Hexes                        8
Comestibles
 f - 4 meat rations
 g - 9 bread rations
 B - 4 fruits
 O - a beef jerky
 S - a royal jelly


   Skills:
 + Level 3.1 Fighting
 - Level 8.8 Short Blades
 * Level 11.7 Throwing
 + Level 4.8 Armour
 - Level 1.1 Dodging
 - Level 5.8 Stealth


You had 9 spell levels left.
You didn't know any spells.

Dungeon Overview and Level Annotations

Branches:
Dungeon (8/15)             Temple (1/1) D:6
   Lair: D:8-11

Altars:
Cheibriados
Dithmenos
Fedhas
Gozag
Kikubaaqudgha
Makhleb
Nemelex Xobeh
Okawaru
Qazlal
Ru
Trog
Vehumet
Xom
Yredelemnul
The Shining One

Shops:
D:7 *   D:8 *


Innate Abilities, Weirdness & Mutations

You are small and have problems with some larger weapons.
You are somewhat resistant to further mutation.


Message History

* * * LOW HITPOINT WARNING * * *
The troll claws you but does no damage. The troll barely misses you.
Drop what? 48/52 slots (_ for help) (? for menu, Esc to quit)
Okay, then.
Firing (i - inventory. (,) - cycle):
G - 2 curare-tipped needles (quivered)
Press: ? - help, Shift-Dir - straight line, f - troll
Aim: a troll You shoot a curare-tipped needle.
The curare-tipped needle closely misses the troll.
Firing (i - inventory. (,) - cycle):
G - a curare-tipped needle (quivered)
Press: ? - help, Shift-Dir - straight line, f/p - troll
Aim: a troll You shoot a curare-tipped needle.
The curare-tipped needle hits the troll.
The troll is poisoned.
The troll convulses.
The troll seems to slow down.
The troll is lightly wounded.
You hear the crackle of electricity.
a - a +5 rapier of electrocution (weapon)
The troll bites you!
You die...

#....'........'.
#...##'##.##.##'
##########.##.##'##.
##...## #..'........
#.....# #..#....>...
#....######'#########
##'####..##.#######
##...##...'.>...<.+
#...@....##.#######
#...T....##'#########
##...##..............
#..).##..##'########.
#....##+###.########.
####'##..##..>.'..+..
#...##..##...##.##..
#..(+...####+##.##..
#..###..##...##.##..


You could see a troll.

Vanquished Creatures
  The ghost of Ijustatesigmund the Covert, a novice OpWz of Dithmenos (D:8)
  A spriggan (D:7)
  Eustachio (D:5)
  Menkaure (D:6)
  A water moccasin (D:6)
  Duvessa (D:4)
  A wasp (D:8)
  3 ogres
  3 sky beasts
  An ice beast (D:8)
  3 big kobolds (Sewer)
  A centaur (D:7)
  3 giant frogs
  A wyvern skeleton (D:6)
  Dowan (D:4)
  2 scorpions (D:8)
  3 crimson imps
  4 hounds
  3 orc priests (D:4)
  2 orc wizards (D:4)
  Crazy Yiuf (D:5)
  A giant frog skeleton (D:6)
  3 jellies
  An iguana (D:8)
  3 worker ants
  4 hound skeletons
  15 adders
  4 gnolls (D:7)
  A river rat (D:3)
  2 shadow imps (D:5)
  An ooze (Sewer)
  An adder zombie (D:6)
  5 worms
  6 giant geckos
  10 orcs
  9 ball pythons
  8 bats
  9 goblins
  4 hobgoblins
  6 jackals
  2 quokkas
  9 giant cockroaches
  4 giant newts
  10 kobolds
  8 rats
164 creatures vanquished.

Notes
Turn   | Place    | Note
--------------------------------------------------------------
     0 | D:1      | Raultor the Halfling Assassin began the quest for the Orb.
     0 | D:1      | Reached XP level 1. HP: 14/14 MP: 1/1
   269 | D:1      | Reached XP level 2. HP: 13/19 MP: 2/2
   756 | D:2      | Reached XP level 3. HP: 18/24 MP: 3/3
  1296 | D:2      | Found a stormy altar of Qazlal.
  1488 | D:2      | Reached XP level 4. HP: 29/29 MP: 4/4
  1687 | D:2      | Found a basalt altar of Yredelemnul.
  2105 | D:3      | Found a glowing drain.
  2162 | Sewer    | Entered a sewer
  2222 | Sewer    | Reached XP level 5. HP: 21/34 MP: 5/5
  2389 | Sewer    | Noticed a big kobold
  2419 | Sewer    | Killed a big kobold
  2419 | Sewer    | Reached skill level 5 in Short Blades
  2595 | Sewer    | Reached XP level 6. HP: 30/39 MP: 6/6
  2804 | Sewer    | Reached skill level 5 in Throwing
  3043 | Sewer    | Noticed a big kobold
  3048 | Sewer    | Noticed a big kobold
  3070 | Sewer    | Killed a big kobold
  3070 | Sewer    | Reached skill level 6 in Short Blades
  3086 | Sewer    | Killed a big kobold
  3086 | Sewer    | Reached XP level 7. HP: 15/44 MP: 7/7
  3708 | D:3      | Found an ancient bone altar of Kikubaaqudgha.
  4127 | D:4      | Found a snail-covered altar of Cheibriados.
  4270 | D:4      | Reached skill level 7 in Short Blades
  4965 | D:4      | Noticed Duvessa
  4969 | D:4      | Noticed Dowan
  4973 | D:4      | Killed Duvessa
  4973 | D:4      | Reached XP level 8. HP: 43/49 MP: 8/8
  4985 | D:4      | Killed Dowan
  5291 | D:4      | Found a stormy altar of Qazlal.
  5319 | D:4      | Reached skill level 8 in Throwing
  5896 | D:4      | Found a radiant altar of Vehumet.
  6206 | D:5      | Entered Level 5 of the Dungeon
  6240 | D:5      | Noticed Eustachio
  6249 | D:5      | Killed Eustachio
  6249 | D:5      | Reached skill level 9 in Throwing
  6337 | D:5      | Found a shimmering altar of Xom.
  6441 | D:5      | Reached skill level 1 in Armour
  6441 | D:5      | Reached XP level 9. HP: 54/54 MP: 9/9
  6620 | D:5      | Noticed Crazy Yiuf
  6625 | D:5      | Killed Crazy Yiuf
  6859 | D:6      | Found an opulent altar of Gozag.
  6936 | D:6      | Noticed Menkaure
  6942 | D:6      | Killed Menkaure
  6957 | D:6      | Reached skill level 5 in Stealth
  7115 | D:6      | Reached skill level 10 in Throwing
  7743 | D:6      | Found a staircase to the Ecumenical Temple.
  7750 | Temple   | Entered the Ecumenical Temple
  7806 | Temple   | Became a worshipper of Warmaster Okawaru
  8149 | D:7      | Found Zigato's Assorted Antiques.
  8153 | D:7      | Bought a scroll of remove curse for 48 gold pieces
  8479 | D:7      | Reached * piety under Okawaru
  8706 | D:7      | Reached skill level 11 in Throwing
  8780 | D:8      | Reached XP level 10. HP: 60/60 MP: 10/10
  8905 | D:8      | Found Okikhliorch's Assorted Antiques.
  9106 | D:8      | Noticed Ijustatesigmund's ghost (novice OpWz)
  9132 | D:8      | Killed Ijustatesigmund's ghost
  9210 | D:8      | Noticed a troll
  9222 | D:8      | HP: 1/63 [troll (12)]
  9225 | D:8      | Mangled by a troll

Vault maps used:
D:1:      dpeg_arrival_tiny_k, minmay_statues_item
D:2:      lemuel_crystal_altar, lemuel_doored_altar, first_bread
D:3:      old_standard_altar, portal_sewer_entry_e
D:4:      vehumet_crystals, overflow_temple_1_default, grunt_qazlal_sundering,
          uniq_duvessa
D:5:      xom_teletrap_fun, uniq_eustachio, uniq_crazy_yiuf_cottage
D:6:      lemuel_crystal_altar, minmay_temple_entry_enclosed_plants,
          uniq_menkaure
D:7:      enter_bailey_3, serial_shops, shop_fountains, the_bakery,
          kennysheep_generic_room_5
D:8:      marbit_many_paths, serial_shops, shop
Temple:   roderic_octagonal_lattice_temple
Sewer:    sewer_co_15_rooms

Action                   |  1- 3 |  4- 6 |  7- 9 | 10-12 || total
-------------------------+-------+-------+-------+-------++-------
Melee: Dagger            |    88 |   186 |   275 |       ||   549
       Rapier            |       |       |    95 |    35 ||   130
 Fire: Blowgun           |       |    30 |    24 |     3 ||    57
Throw: Tomahawk          |       |       |     1 |       ||     1
  Use: Potion            |       |     2 |     4 |       ||     6
       Scroll            |       |       |     7 |       ||     7
 Stab: Sleeping          |     5 |    12 |    25 |     4 ||    46
       Distracted        |       |       |     3 |       ||     3
  Eat: Chunk             |     1 |     5 |    13 |     1 ||    20
       Bread ration      |       |       |     1 |       ||     1
       Pizza             |       |       |     1 |       ||     1
